Saguenéens vs Patriotes
Created - 16 mars 2014 at 20:04
Goals
|
| Saguenéens |
2 |
3 |
3 |
8 |
| Patriotes |
2 |
2 |
2 |
6 |
|
Shots
|
| Saguenéens |
14 |
12 |
10 |
36 |
| Patriotes |
13 |
15 |
7 |
35 |
|
1st period
1. Saguenéens , Brandon Yip 38 (Kyle Brodziak, Kevin Marshall) at 5:27
2. Patriotes , Jared Boll 18 (Davis Drewiske, Ryan White) at 6:56
3. Saguenéens , Brandon Yip 39 (Kyle Brodziak) at 18:43
4. Patriotes , T.J Galiardi 27 (Ryan Wilson, Andreas Nodl) at 19:41
Penalties :
Justin Schultz (Chi) for Interference (Minor) at 10:19
2nd period
5. Patriotes , Cory Emmerton 23 (Ben Guite, Brett Skinner) at 1:34
6. Patriotes , Fedor Fedorov 28 (Zenon Konopka, Ben Guite) at 5:50
7. Saguenéens , Andreas Johansson 20 (Brian Flynn) at 9:05
8. Saguenéens , Kyle Brodziak 27 (Brandon Yip) at 10:45
9. Saguenéens , Wayne Simmonds 26 (Evgeny Dadonov, Tyler Kennedy) at 14:25
Penalties :
Trevor Daley (Chi) for Hooking (Minor) at 19:44
3rd period
10. Saguenéens , Wayne Simmonds 27 (Tyler Kennedy, Trevor Daley) at 5:51
11. Patriotes , T.J Galiardi 28 (Cory Emmerton, Andreas Nodl) at 9:41 (PP)
12. Patriotes , Andreas Nodl 43 (Cory Emmerton, A.J Thelen) at 12:14
13. Saguenéens , Andreas Johansson 21 (Justin Schultz, Evgeny Dadonov) at 15:54 (PP)
14. Saguenéens , Brian Flynn 7 (Trevor Daley, Andreas Johansson) at 16:19
Penalties :
Zenon Konopka (Nyc) for Tripping (Minor) at 5:56, Kyle Brodziak (Chi) for Interference (Minor) at 9:11, Andreas Nodl (Nyc) for Hooking (Minor) at 14:10, Martin St. Pierre (Nyc) for Tripping (Minor) at 16:28
Goalie Stats
James Reimer (Chi), 29 saves from 35 shots - (0,829), W, 22-12-6, 60:00 minutes
Joey MacDonald (Nyc), 6 saves from 8 shots - (0,750), L, 18-18-6, 14:09 minutes
Jason Missiaen (Nyc), 22 saves from 28 shots - (0,786), 45:51 minutes
Players Stats for Saguenéens
Player Name G A P +/- PIM S H SB GA TA FO MP PP MP PK MP
------------------------------------------------------------------------------------
Andreas Johansson 2 1 3 1 0 3 2 1 1 0 2/3 16:26 2:01 2:12
Brandon Yip 2 1 3 2 0 4 5 1 0 1 0/0 17:03 2:01 2:05
Brian Flynn 1 1 2 1 0 2 0 0 0 0 5/11 12:22 0:00 0:10
Dwight King 0 0 0 2 0 1 0 0 0 0 0/0 14:57 2:01 0:00
Eric Tangradi 0 0 0 -1 0 0 0 0 0 0 0/0 9:55 0:00 0:00
Evgeny Dadonov 0 2 2 0 0 3 2 0 0 0 2/4 18:01 3:41 0:00
Henrik Tallinder 0 0 0 0 0 1 0 2 0 1 0/0 18:26 0:00 2:48
Ian Cole 0 0 0 0 0 0 1 0 0 0 0/0 17:23 1:33 0:45
Joffrey Lupul 0 0 0 1 0 1 1 0 1 1 0/0 12:26 0:00 0:16
Justin Schultz 0 1 1 0 2 1 1 0 0 1 0/0 22:39 4:09 0:55
Kevin Marshall 0 1 1 2 0 0 0 3 0 1 0/0 18:48 0:00 1:40
Kyle Brodziak 1 2 3 2 2 7 4 0 0 1 9/13 14:09 0:00 0:50
Mike Van Ryn 0 0 0 0 0 3 0 2 1 1 0/0 22:24 4:09 2:37
Rhett Rakhshani 0 0 0 -1 0 0 0 0 0 0 1/1 9:59 0:00 0:00
Trevor Daley 0 2 2 2 2 2 2 2 2 0 0/0 20:30 1:33 0:11
Tyler Kennedy 0 2 2 0 0 4 2 2 0 0 17/28 17:55 3:41 0:00
Wayne Primeau 0 0 0 -1 0 1 0 0 0 0 3/5 11:39 0:00 1:16
Wayne Simmonds 2 0 2 0 0 3 1 0 0 1 1/1 20:27 3:41 2:07
Players Stats for Patriotes
Player Name G A P +/- PIM S H SB GA TA FO MP PP MP PK MP
------------------------------------------------------------------------------------
A.J Thelen 0 1 1 1 0 1 2 1 1 1 0/0 25:42 2:02 3:01
Andreas Nodl 1 2 3 2 2 7 0 0 0 0 0/1 17:49 2:34 0:39
Ben Guite 0 2 2 -1 0 6 2 1 1 0 3/5 22:24 1:54 3:08
Brett Skinner 0 1 1 1 0 2 3 1 1 1 0/0 25:42 2:02 3:01
Brock Trotter 0 0 0 -2 0 1 0 0 0 0 0/0 11:22 0:00 1:11
Cade Fairchild 0 0 0 2 0 0 1 0 0 0 0/0 4:25 0:00 0:00
Cory Emmerton 1 2 3 2 0 3 1 0 1 0 5/13 16:45 2:34 0:00
Davis Drewiske 0 1 1 -4 0 0 2 1 0 0 0/0 19:35 2:26 2:41
Fedor Fedorov 1 0 1 -1 0 1 1 0 0 0 0/1 21:29 1:54 1:56
James Wright 0 0 0 0 0 0 0 0 0 0 0/0 0:00 0:00 0:00
Jared Boll 1 0 1 -1 0 2 0 0 1 0 0/1 9:36 0:00 1:37
Joe Charlebois 0 0 0 -1 0 2 0 0 0 0 0/0 10:18 0:00 0:00
Lauri Tukonen 0 0 0 -2 0 1 0 1 0 0 1/1 10:13 0:00 0:00
Liam Reddox 0 0 0 -1 0 0 1 0 0 0 0/0 7:48 0:00 0:00
Mario Bliznak 0 0 0 0 0 0 0 0 0 0 0/0 0:45 0:00 0:45
Martin St. Pierre 0 0 0 -2 2 0 1 0 1 2 3/11 10:10 0:00 0:00
Mathieu Brodeur 0 0 0 2 0 0 0 0 0 0 0/0 4:25 0:00 0:00
Matt Watkins 0 0 0 0 0 0 0 0 0 0 0/0 0:00 0:00 0:00
Nigel Williams 0 0 0 -1 0 1 1 1 0 0 0/0 10:18 0:00 0:00
Ryan Potulny 0 0 0 0 0 0 0 0 0 0 0/0 0:00 0:00 0:00
Ryan White 0 1 1 -1 0 0 3 0 2 0 2/2 7:48 0:00 0:00
Ryan Wilson 0 1 1 -4 0 0 1 3 0 0 0/0 19:35 2:26 2:41
T.J Galiardi 2 0 2 2 0 5 2 0 0 0 0/1 16:45 2:34 0:00
Zenon Konopka 0 1 1 -1 2 3 1 0 0 1 12/30 21:21 1:54 2:08
3 Stars
1 - Brandon Yip (Chi)
2 - Andreas Johansson (Chi)
3 - T.J Galiardi (Nyc)
Power Play
Saguenéens - 1 on 3 Attempt(s) - 33,33%
Patriotes - 1 on 3 Attempt(s) - 33,33%
Penalty Kill
Saguenéens - 2 on 3 Attempt(s) - 66,67%
- Score 0 goal in Penalty Kill
Patriotes - 2 on 3 Attempt(s) - 66,67%
- Score 0 goal in Penalty Kill
Official
Referees : Walsh Ian and Pochmara Brian
Linesman : Mark Pare and Scott Cherrey
Game Notes
Joey MacDonald enters game at 5:51 of 3rd period
Finance
Level 1 -- Attendance: 1461 (73,05%) -- Ticket Income 51 135 $
Level 2 -- Attendance: 682 (68,20%) -- Ticket Income 10 230 $
Total Attendance: 2143 (71,43%)
Total Ticket Income: 61 365 $
Other Income: 3 068 $
Total Income: 64 433 $
Saguenéens
5 vs 5 Forward
Center Left Wing Right Wing Time % Phy DF OF
1 Tyler Kennedy Evgeny Dadonov Wayne Simmonds 35 1 2 2
2 Kyle Brodziak Dwight King Brandon Yip 30 2 1 2
3 Brian Flynn Andreas Johansson Joffrey Lupul 25 1 2 2
4 Wayne Primeau Eric Tangradi Rhett Rakhshani 10 1 2 2
5 vs 5 Defense
Defense Defense Time % Phy DF OF
1 Justin Schultz Mike Van Ryn 33 1 2 2
2 Trevor Daley Kevin Marshall 32 1 2 2
3 Ian Cole Henrik Tallinder 30 1 2 2
4 Justin Schultz Trevor Daley 5 0 2 3
PowerPlay Forward
Center Left Wing Right Wing Time % Phy DF OF
1 Tyler Kennedy Evgeny Dadonov Wayne Simmonds 55 1 1 3
2 Andreas Johansson Dwight King Brandon Yip 45 1 1 3
PowerPlay Defense
Defense Defense Time % Phy DF OF
1 Justin Schultz Mike Van Ryn 55 0 2 3
2 Trevor Daley Ian Cole 45 0 2 3
Penalty Kill 4 Players Forward
Center Wing Time % Phy DF OF
1 Wayne Primeau Brandon Yip 50 1 3 1
2 Andreas Johansson Wayne Simmonds 50 1 3 1
Penalty Kill 4 Players Defense
Defense Defense Time % Phy DF OF
1 Henrik Tallinder Mike Van Ryn 50 1 3 1
2 Trevor Daley Kevin Marshall 50 1 3 1
Penalty Kill - 3 Players Forward
Forward Time % Phy DF OF
1 Andreas Johansson 50 1 3 1
2 Wayne Primeau 50 1 3 1
Penalty Kill - 3 Players Defense
Defense Defense Time % Phy DF OF
1 Mike Van Ryn Henrik Tallinder 50 1 3 1
2 Trevor Daley Kevin Marshall 50 1 3 1
4 vs 4 Forward
Center Wing Time % Phy DF OF
1 Wayne Primeau Brandon Yip 50 1 1 3
2 Tyler Kennedy Evgeny Dadonov 50 1 2 2
4 vs 4 Defense
Defense Defense Time % Phy DF OF
1 Henrik Tallinder Mike Van Ryn 50 1 2 2
2 Kevin Marshall Trevor Daley 50 1 2 2
Last Minutes Offensive
Center Left Wing Right Wing Defense Defense
Tyler Kennedy Evgeny Dadonov Brandon Yip Trevor Daley Mike Van Ryn
Last Minutes Defensive
Center Left Wing Right Wing Defense Defense
Tyler Kennedy Andreas Johansson Wayne Simmonds Trevor Daley Mike Van Ryn
Goaltenders
Starting : James Reimer
Backup : Harru Sateri
Extra Forwards
Normal : Andreas Johansson, Wayne Primeau, Evgeny Dadonov - PP : Kyle Brodziak, Andreas Johansson - PK : Kyle Brodziak
Extra Defensemen
Normal : Henrik Tallinder, Justin Schultz, Trevor Daley - PP : Henrik Tallinder - PK : Justin Schultz, Ian Cole
Penalty Shots
Evgeny Dadonov, Tyler Kennedy, Andreas Johansson, Brandon Yip, Dwight King
Patriotes
5 vs 5 Forward
Center Left Wing Right Wing Time % Phy DF OF
1 Zenon Konopka Fedor Fedorov Ben Guite 40 1 2 2
2 Cory Emmerton T.J Galiardi Andreas Nodl 30 1 2 2
3 Martin St. Pierre Brock Trotter Lauri Tukonen 20 1 2 2
4 Ryan White Liam Reddox Jared Boll 10 1 2 2
5 vs 5 Defense
Defense Defense Time % Phy DF OF
1 A.J Thelen Brett Skinner 40 1 2 2
2 Davis Drewiske Ryan Wilson 30 1 2 2
3 Joe Charlebois Nigel Williams 20 1 2 2
4 Mathieu Brodeur Cade Fairchild 10 1 2 2
PowerPlay Forward
Center Left Wing Right Wing Time % Phy DF OF
1 Zenon Konopka Fedor Fedorov Ben Guite 60 1 2 2
2 Cory Emmerton T.J Galiardi Andreas Nodl 40 1 2 2
PowerPlay Defense
Defense Defense Time % Phy DF OF
1 A.J Thelen Brett Skinner 60 1 2 2
2 Davis Drewiske Ryan Wilson 40 1 2 2
Penalty Kill 4 Players Forward
Center Wing Time % Phy DF OF
1 Ben Guite Zenon Konopka 60 1 2 2
2 Andreas Nodl Fedor Fedorov 40 1 2 2
Penalty Kill 4 Players Defense
Defense Defense Time % Phy DF OF
1 A.J Thelen Brett Skinner 60 1 2 2
2 Davis Drewiske Ryan Wilson 40 1 2 2
Penalty Kill - 3 Players Forward
Forward Time % Phy DF OF
1 Ben Guite 60 1 2 2
2 Zenon Konopka 40 1 2 2
Penalty Kill - 3 Players Defense
Defense Defense Time % Phy DF OF
1 A.J Thelen Brett Skinner 60 1 2 2
2 Davis Drewiske Ryan Wilson 40 1 2 2
4 vs 4 Forward
Center Wing Time % Phy DF OF
1 Ben Guite Zenon Konopka 60 1 2 2
2 Andreas Nodl Fedor Fedorov 40 1 2 2
4 vs 4 Defense
Defense Defense Time % Phy DF OF
1 A.J Thelen Brett Skinner 60 1 2 2
2 Davis Drewiske Ryan Wilson 40 1 2 2
Last Minutes Offensive
Center Left Wing Right Wing Defense Defense
Zenon Konopka Fedor Fedorov Ben Guite A.J Thelen Brett Skinner
Last Minutes Defensive
Center Left Wing Right Wing Defense Defense
Zenon Konopka Fedor Fedorov Ben Guite A.J Thelen Brett Skinner
Goaltenders
Starting : Jason Missiaen
Backup : Joey MacDonald
Extra Forwards
Normal : Lauri Tukonen, Brock Trotter, Jared Boll - PP : Lauri Tukonen, Brock Trotter - PK : Jared Boll
Extra Defensemen
Normal : Joe Charlebois, Nigel Williams, Mathieu Brodeur - PP : Joe Charlebois - PK : Nigel Williams, Mathieu Brodeur
Penalty Shots
Ben Guite, Zenon Konopka, Andreas Nodl, Fedor Fedorov, Cory Emmerton
% Time on Ice - Saguenéens
Lines # - Real PCT - Wanted PCT - Time Play
Normal Forward
1 - 29% - 35% - 14:14
2 - 28% - 30% - 13:44
3 - 24% - 25% - 12:10
4 - 19% - 10% - 9:42
Normal Defense
1 - 31% - 33% - 15:38
2 - 35% - 32% - 17:24
3 - 30% - 30% - 14:51
4 - 4% - 5% - 1:57
PP Forward
1 - 65% - 55% - 3:41
2 - 35% - 45% - 2:01
PP Defense
1 - 73% - 55% - 4:09
2 - 27% - 45% - 1:33
PK Forward
1 - 47% - 50% - 2:05
2 - 53% - 50% - 2:23
PK Defense
1 - 59% - 50% - 2:37
2 - 41% - 50% - 1:51
PK3 Forward
1 - 0% - 50%
2 - 0% - 50%
PK3 Defense
1 - 0% - 50%
2 - 0% - 50%
44 Forward
1 - 0% - 50%
2 - 0% - 50%
44 Defense
1 - 0% - 50%
2 - 0% - 50%
Last Minute Offensive - 0:00
Last Minute Defensive - 0:00
Total
Forward - 60:00
Defense - 60:00
|
% Time on Ice - Patriotes
Lines # - Real PCT - Wanted PCT - Time Play
Normal Forward
1 - 35% - 40% - 17:40
2 - 29% - 30% - 14:37
3 - 20% - 20% - 9:45
4 - 16% - 10% - 7:48
Normal Defense
1 - 41% - 40% - 20:39
2 - 29% - 30% - 14:28
3 - 21% - 20% - 10:18
4 - 9% - 10% - 4:25
PP Forward
1 - 43% - 60% - 1:54
2 - 57% - 40% - 2:34
PP Defense
1 - 46% - 60% - 2:02
2 - 54% - 40% - 2:26
PK Forward
1 - 77% - 60% - 4:23
2 - 23% - 40% - 1:19
PK Defense
1 - 53% - 60% - 3:01
2 - 47% - 40% - 2:41
PK3 Forward
1 - 0% - 60%
2 - 0% - 40%
PK3 Defense
1 - 0% - 60%
2 - 0% - 40%
44 Forward
1 - 0% - 60%
2 - 0% - 40%
44 Defense
1 - 0% - 60%
2 - 0% - 40%
Last Minute Offensive - 0:00
Last Minute Defensive - 0:00
Total
Forward - 60:00
Defense - 60:00
|
Play by Play
1st period
0:01 of 1st period - Zenon Konopka wins face-off versus Tyler Kennedy in neutral zone.
0:12 of 1st period - Snap shot by Zenon Konopka.
0:12 of 1st period - Stopped by James Reimer without a rebound.
0:13 of 1st period - Kyle Brodziak wins face-off versus Cory Emmerton in Saguenéens zone.
0:39 of 1st period - Ryan Wilson is hit by Trevor Daley and loses puck.
0:44 of 1st period - Backhand shot by Andreas Johansson.
0:44 of 1st period - Stopped by Jason Missiaen with a rebound.
0:46 of 1st period - Snap shot by Joffrey Lupul.
0:46 of 1st period - Shot Blocked by Ryan Wilson.
0:48 of 1st period - Slapshot by Ian Cole.
0:48 of 1st period - Deflect By Joffrey Lupul.
0:48 of 1st period - Shot Misses the Net.
0:48 of 1st period - Puck is out of play.
0:49 of 1st period - Zenon Konopka wins face-off versus Wayne Primeau in Patriotes zone.
1:16 of 1st period - Henrik Tallinder is hit by Ryan White and loses puck.
1:34 of 1st period - Icing by Wayne Simmonds.
1:35 of 1st period - Cory Emmerton wins face-off versus Brian Flynn in Saguenéens zone.
1:48 of 1st period - Snap shot by T.J Galiardi.
1:48 of 1st period - Stopped by James Reimer with a rebound.
1:50 of 1st period - Snap shot by Andreas Nodl.
1:50 of 1st period - Shot Blocked by Henrik Tallinder.
2:22 of 1st period - A.J Thelen is hit by Ian Cole and loses puck.
2:41 of 1st period - Wrist shot by Evgeny Dadonov.
2:41 of 1st period - Shot Misses the Net.
2:47 of 1st period - Wayne Primeau is hit by Ryan White and loses puck.
3:06 of 1st period - Snap shot by Andreas Nodl.
3:06 of 1st period - Stopped by James Reimer without a rebound.
3:07 of 1st period - Zenon Konopka wins face-off versus Evgeny Dadonov in Saguenéens zone.
3:18 of 1st period - Snap shot by Evgeny Dadonov.
3:18 of 1st period - Stopped by Jason Missiaen without a rebound.
3:19 of 1st period - Kyle Brodziak wins face-off versus Zenon Konopka in Patriotes zone.
3:24 of 1st period - Snap shot by Kyle Brodziak.
3:24 of 1st period - Stopped by Jason Missiaen with a rebound.
3:28 of 1st period - Wrist shot by Kyle Brodziak.
3:28 of 1st period - Stopped by Jason Missiaen with a rebound.
3:30 of 1st period - Snap shot by Kyle Brodziak.
3:30 of 1st period - Stopped by Jason Missiaen with a rebound.
3:32 of 1st period - Slapshot by Justin Schultz.
3:32 of 1st period - Shot Misses the Net.
3:34 of 1st period - Slapshot by Mike Van Ryn.
3:34 of 1st period - Stopped by Jason Missiaen without a rebound.
3:35 of 1st period - Martin St. Pierre wins face-off versus Tyler Kennedy in Patriotes zone.
4:00 of 1st period - Trevor Daley is hit by Davis Drewiske and loses puck.
4:16 of 1st period - Icing by Davis Drewiske.
4:17 of 1st period - Zenon Konopka wins face-off versus Brian Flynn in Patriotes zone.
4:56 of 1st period - Ben Guite is hit by Wayne Simmonds and loses puck.
5:09 of 1st period - Snap shot by Brandon Yip.
5:09 of 1st period - Shot Misses the Net.
5:11 of 1st period - Slapshot by Justin Schultz.
5:11 of 1st period - Shot Misses the Net.
5:13 of 1st period - Snap shot by Kyle Brodziak.
5:13 of 1st period - Stopped by Jason Missiaen without a rebound.
5:14 of 1st period - Kyle Brodziak wins face-off versus Cory Emmerton in Patriotes zone.
5:15 of 1st period - Backhand shot by Dwight King.
5:15 of 1st period - Stopped by Jason Missiaen with a rebound.
5:17 of 1st period - Slapshot by Kevin Marshall.
5:17 of 1st period - Shot Blocked by Nigel Williams.
5:27 of 1st period - Snap shot by Brandon Yip.
5:27 of 1st period - Goal by Brandon Yip - Saguenéens : 1 - Patriotes : 0.
5:28 of 1st period - Tyler Kennedy wins face-off versus Martin St. Pierre in neutral zone.
5:40 of 1st period - Icing by Kevin Marshall.
5:41 of 1st period - Cory Emmerton wins face-off versus Tyler Kennedy in Saguenéens zone.
6:06 of 1st period - Trevor Daley is hit by Brett Skinner and loses puck.
6:47 of 1st period - Ryan White is hit by Justin Schultz and loses puck.
6:56 of 1st period - Snap shot by Jared Boll.
6:56 of 1st period - Goal by Jared Boll - Saguenéens : 1 - Patriotes : 1.
6:57 of 1st period - Tyler Kennedy wins face-off versus Cory Emmerton in neutral zone.
7:04 of 1st period - Snap shot by Tyler Kennedy.
7:04 of 1st period - Stopped by Jason Missiaen with a rebound.
7:44 of 1st period - Brock Trotter is hit by Brandon Yip.
8:20 of 1st period - Eric Tangradi is hit by T.J Galiardi and loses puck.
8:38 of 1st period - Eric Tangradi is hit by Ryan White.
9:16 of 1st period - Wrist shot by Jared Boll.
9:16 of 1st period - Shot Blocked by Kevin Marshall.
9:18 of 1st period - Slapshot by A.J Thelen.
9:18 of 1st period - Shot Blocked by Trevor Daley.
9:20 of 1st period - Slapshot by Joe Charlebois.
9:20 of 1st period - Stopped by James Reimer with a rebound.
9:51 of 1st period - Kevin Marshall is hit by Nigel Williams and loses puck.
10:08 of 1st period - Wrist shot by Jared Boll.
10:08 of 1st period - Stopped by James Reimer with a rebound.
10:10 of 1st period - Slapshot by Nigel Williams.
10:10 of 1st period - Deflect By Trevor Daley.
10:10 of 1st period - Stopped by James Reimer without a rebound.
10:11 of 1st period - Zenon Konopka wins face-off versus Evgeny Dadonov in Saguenéens zone.
10:19 of 1st period - Minor Penalty to Justin Schultz for Interference.
10:20 of 1st period - Ben Guite wins face-off versus Andreas Johansson in Saguenéens zone.
10:30 of 1st period - Snap shot by Zenon Konopka.
10:30 of 1st period - Shot Blocked by Henrik Tallinder.
10:32 of 1st period - Snap shot by Brett Skinner.
10:32 of 1st period - Stopped by James Reimer with a rebound.
11:30 of 1st period - Brandon Yip is hit by Fedor Fedorov and loses puck.
11:53 of 1st period - Cory Emmerton is hit by Brandon Yip.
12:19 of 1st period - Penalty to Justin Schultz is over, Justin Schultz is back on ice.
12:20 of 1st period - Icing by A.J Thelen.
12:21 of 1st period - Tyler Kennedy wins face-off versus Cory Emmerton in Patriotes zone.
12:58 of 1st period - Wrist shot by Joffrey Lupul.
12:58 of 1st period - Shot Misses the Net.
13:16 of 1st period - Mike Van Ryn is hit by Ben Guite and loses puck.
13:28 of 1st period - Icing by Zenon Konopka.
13:29 of 1st period - Ryan White wins face-off versus Kyle Brodziak in Patriotes zone.
13:34 of 1st period - Joe Charlebois is hit by Kyle Brodziak and loses puck.
14:01 of 1st period - Snap shot by Andreas Johansson.
14:01 of 1st period - Shot Misses the Net.
14:11 of 1st period - Snap shot by Ben Guite.
14:11 of 1st period - Deflect By Zenon Konopka.
14:11 of 1st period - Shot Misses the Net.
14:11 of 1st period - Puck is out of play.
14:12 of 1st period - Tyler Kennedy wins face-off versus Zenon Konopka in Saguenéens zone.
14:17 of 1st period - Wrist shot by Ben Guite.
14:17 of 1st period - Shot Blocked by Tyler Kennedy.
14:19 of 1st period - Wrist shot by Davis Drewiske.
14:19 of 1st period - Shot Misses the Net.
14:21 of 1st period - Snap shot by Fedor Fedorov.
14:21 of 1st period - Shot Misses the Net.
14:56 of 1st period - Off-side.
14:57 of 1st period - Brian Flynn wins face-off versus Martin St. Pierre in neutral zone.
15:00 of 1st period - Slapshot by Brock Trotter.
15:00 of 1st period - Stopped by James Reimer without a rebound.
15:01 of 1st period - Martin St. Pierre wins face-off versus Brian Flynn in Saguenéens zone.
16:03 of 1st period - Wrist shot by Andreas Johansson.
16:03 of 1st period - Deflect By Joffrey Lupul.
16:03 of 1st period - Stopped by Jason Missiaen without a rebound.
16:04 of 1st period - Tyler Kennedy wins face-off versus Zenon Konopka in Patriotes zone.
16:53 of 1st period - Jared Boll is hit by Trevor Daley and loses puck.
18:11 of 1st period - Henrik Tallinder is hit by Martin St. Pierre and loses puck.
18:24 of 1st period - Slapshot by Fedor Fedorov.
18:24 of 1st period - Shot Misses the Net.
18:26 of 1st period - Snap shot by Ben Guite.
18:26 of 1st period - Stopped by James Reimer without a rebound.
18:27 of 1st period - Kyle Brodziak wins face-off versus Zenon Konopka in Saguenéens zone.
18:43 of 1st period - Snap shot by Brandon Yip.
18:43 of 1st period - Goal by Brandon Yip - Saguenéens : 2 - Patriotes : 1.
18:44 of 1st period - Zenon Konopka wins face-off versus Tyler Kennedy in neutral zone.
18:49 of 1st period - Off-side.
18:50 of 1st period - Tyler Kennedy wins face-off versus Zenon Konopka in neutral zone.
19:18 of 1st period - Slapshot by A.J Thelen.
19:18 of 1st period - Stopped by James Reimer with a rebound.
19:20 of 1st period - Snap shot by A.J Thelen.
19:20 of 1st period - Shot Misses the Net.
19:22 of 1st period - Snap shot by Brett Skinner.
19:22 of 1st period - Shot Misses the Net.
19:24 of 1st period - Snap shot by Andreas Nodl.
19:24 of 1st period - Deflect By Cory Emmerton.
19:24 of 1st period - Shot Misses the Net.
19:24 of 1st period - Puck is out of play.
19:25 of 1st period - Cory Emmerton wins face-off versus Brian Flynn in Saguenéens zone.
19:39 of 1st period - Wrist shot by Andreas Nodl.
19:39 of 1st period - Stopped by James Reimer with a rebound.
19:41 of 1st period - Slapshot by Ryan Wilson.
19:41 of 1st period - Deflect By T.J Galiardi.
19:41 of 1st period - Goal by T.J Galiardi - Saguenéens : 2 - Patriotes : 2.
19:42 of 1st period - Tyler Kennedy wins face-off versus Zenon Konopka in neutral zone.
19:45 of 1st period - Snap shot by Tyler Kennedy.
19:45 of 1st period - Shot Blocked by Brett Skinner.
19:47 of 1st period - Wrist shot by Tyler Kennedy.
19:47 of 1st period - Stopped by Jason Missiaen with a rebound.
19:49 of 1st period - Slapshot by Wayne Simmonds.
19:49 of 1st period - Stopped by Jason Missiaen without a rebound.
19:50 of 1st period - Zenon Konopka wins face-off versus Tyler Kennedy in Patriotes zone.
Goals for this period are 2 for Saguenéens vs 2 for Patriotes.
Shots for this period are 14 for Saguenéens vs 13 for Patriotes.
2nd period
0:01 of 2nd period - Zenon Konopka wins face-off versus Tyler Kennedy in neutral zone.
0:26 of 2nd period - Andreas Nodl is hit by Brandon Yip and loses puck.
1:05 of 2nd period - Off-side.
1:06 of 2nd period - Rhett Rakhshani wins face-off versus Zenon Konopka in neutral zone.
1:34 of 2nd period - Wrist shot by Cory Emmerton.
1:34 of 2nd period - Goal by Cory Emmerton - Saguenéens : 2 - Patriotes : 3.
1:35 of 2nd period - Tyler Kennedy wins face-off versus Zenon Konopka in neutral zone.
1:48 of 2nd period - Wrist shot by Ben Guite.
1:48 of 2nd period - Stopped by James Reimer with a rebound.
1:50 of 2nd period - Snap shot by Fedor Fedorov.
1:50 of 2nd period - Shot Blocked by Tyler Kennedy.
1:57 of 2nd period - Icing by Wayne Simmonds.
1:58 of 2nd period - Cory Emmerton wins face-off versus Kyle Brodziak in Saguenéens zone.
1:59 of 2nd period - Slapshot by Andreas Nodl.
1:59 of 2nd period - Shot Blocked by Brandon Yip.
2:07 of 2nd period - Snap shot by Kyle Brodziak.
2:07 of 2nd period - Stopped by Jason Missiaen with a rebound.
2:11 of 2nd period - Snap shot by Kyle Brodziak.
2:11 of 2nd period - Stopped by Jason Missiaen without a rebound.
2:12 of 2nd period - Tyler Kennedy wins face-off versus Zenon Konopka in Patriotes zone.
2:41 of 2nd period - Snap shot by Kyle Brodziak.
2:41 of 2nd period - Shot Misses the Net.
2:43 of 2nd period - Slapshot by Justin Schultz.
2:43 of 2nd period - Shot Misses the Net.
2:58 of 2nd period - Icing by Brock Trotter.
2:59 of 2nd period - Brian Flynn wins face-off versus Martin St. Pierre in Patriotes zone.
3:10 of 2nd period - Brian Flynn is hit by A.J Thelen and loses puck.
3:30 of 2nd period - Snap shot by Ben Guite.
3:30 of 2nd period - Stopped by James Reimer with a rebound.
3:34 of 2nd period - Snap shot by Ben Guite.
3:34 of 2nd period - Stopped by James Reimer without a rebound.
3:35 of 2nd period - Kyle Brodziak wins face-off versus T.J Galiardi in Saguenéens zone.
3:42 of 2nd period - T.J Galiardi is hit by Kyle Brodziak and loses puck.
4:11 of 2nd period - Slapshot by Evgeny Dadonov.
4:11 of 2nd period - Stopped by Jason Missiaen with a rebound.
5:26 of 2nd period - Snap shot by Ben Guite.
5:26 of 2nd period - Stopped by James Reimer without a rebound.
5:27 of 2nd period - Tyler Kennedy wins face-off versus Zenon Konopka in Saguenéens zone.
5:48 of 2nd period - Snap shot by Zenon Konopka.
5:48 of 2nd period - Stopped by James Reimer with a rebound.
5:50 of 2nd period - Slapshot by Fedor Fedorov.
5:50 of 2nd period - Goal by Fedor Fedorov - Saguenéens : 2 - Patriotes : 4.
5:51 of 2nd period - Kyle Brodziak wins face-off versus Zenon Konopka in neutral zone.
6:24 of 2nd period - Slapshot by A.J Thelen.
6:24 of 2nd period - Shot Misses the Net.
6:26 of 2nd period - Wrist shot by T.J Galiardi.
6:26 of 2nd period - Stopped by James Reimer with a rebound.
6:36 of 2nd period - Davis Drewiske is hit by Andreas Johansson and loses puck.
7:06 of 2nd period - Wayne Primeau is hit by Liam Reddox and loses puck.
7:19 of 2nd period - Justin Schultz is hit by Cade Fairchild and loses puck.
7:40 of 2nd period - Off-side.
7:41 of 2nd period - Tyler Kennedy wins face-off versus Cory Emmerton in neutral zone.
7:46 of 2nd period - Cory Emmerton is hit by Tyler Kennedy.
8:10 of 2nd period - Slapshot by Evgeny Dadonov.
8:10 of 2nd period - Stopped by Jason Missiaen with a rebound.
8:12 of 2nd period - Snap shot by Evgeny Dadonov.
8:12 of 2nd period - Shot Misses the Net.
8:36 of 2nd period - Backhand shot by Tyler Kennedy.
8:36 of 2nd period - Deflect By Wayne Simmonds.
8:36 of 2nd period - Shot Misses the Net.
8:36 of 2nd period - Puck is out of play.
8:37 of 2nd period - Kyle Brodziak wins face-off versus Zenon Konopka in Patriotes zone.
8:38 of 2nd period - Wrist shot by Brandon Yip.
8:38 of 2nd period - Shot Blocked by Ryan Wilson.
8:46 of 2nd period - Ryan Wilson is hit by Brandon Yip and loses puck.
9:01 of 2nd period - Icing by Ryan Wilson.
9:02 of 2nd period - Brian Flynn wins face-off versus Martin St. Pierre in Patriotes zone.
9:03 of 2nd period - Snap shot by Andreas Johansson.
9:03 of 2nd period - Shot Misses the Net.
9:05 of 2nd period - Slapshot by Andreas Johansson.
9:05 of 2nd period - Goal by Andreas Johansson - Saguenéens : 3 - Patriotes : 4.
9:06 of 2nd period - Zenon Konopka wins face-off versus Kyle Brodziak in neutral zone.
9:09 of 2nd period - Wrist shot by Ben Guite.
9:09 of 2nd period - Shot Misses the Net.
9:11 of 2nd period - Slapshot by Brett Skinner.
9:11 of 2nd period - Stopped by James Reimer with a rebound.
9:31 of 2nd period - Cory Emmerton is hit by Joffrey Lupul and loses puck.
10:21 of 2nd period - Slapshot by Ben Guite.
10:21 of 2nd period - Stopped by James Reimer with a rebound.
10:41 of 2nd period - Snap shot by Kyle Brodziak.
10:41 of 2nd period - Shot Misses the Net.
10:45 of 2nd period - Backhand shot by Kyle Brodziak.
10:45 of 2nd period - Goal by Kyle Brodziak - Saguenéens : 4 - Patriotes : 4.
10:46 of 2nd period - Zenon Konopka wins face-off versus Brian Flynn in neutral zone.
11:02 of 2nd period - Snap shot by Zenon Konopka.
11:02 of 2nd period - Stopped by James Reimer with a rebound.
11:12 of 2nd period - Kevin Marshall is hit by T.J Galiardi and loses puck.
11:25 of 2nd period - Trevor Daley is hit by Ryan Wilson and loses puck.
11:50 of 2nd period - Mike Van Ryn is hit by Cory Emmerton and loses puck.
12:15 of 2nd period - Snap shot by Cory Emmerton.
12:15 of 2nd period - Stopped by James Reimer with a rebound.
12:25 of 2nd period - Slapshot by Mike Van Ryn.
12:25 of 2nd period - Shot Blocked by Davis Drewiske.
13:10 of 2nd period - Wayne Primeau is hit by Davis Drewiske and loses puck.
13:31 of 2nd period - Slapshot by Mike Van Ryn.
13:31 of 2nd period - Stopped by Jason Missiaen with a rebound.
14:07 of 2nd period - Wrist shot by Andreas Nodl.
14:07 of 2nd period - Stopped by James Reimer with a rebound.
14:09 of 2nd period - Slapshot by Andreas Nodl.
14:09 of 2nd period - Shot Blocked by Mike Van Ryn.
14:11 of 2nd period - Wrist shot by Davis Drewiske.
14:11 of 2nd period - Shot Blocked by Mike Van Ryn.
14:13 of 2nd period - Slapshot by Andreas Nodl.
14:13 of 2nd period - Stopped by James Reimer without a rebound.
14:14 of 2nd period - Tyler Kennedy wins face-off versus Zenon Konopka in Saguenéens zone.
14:23 of 2nd period - Snap shot by Evgeny Dadonov.
14:23 of 2nd period - Shot Misses the Net.
14:25 of 2nd period - Slapshot by Wayne Simmonds.
14:25 of 2nd period - Goal by Wayne Simmonds - Saguenéens : 5 - Patriotes : 4.
14:26 of 2nd period - Tyler Kennedy wins face-off versus Zenon Konopka in neutral zone.
14:28 of 2nd period - Trevor Daley is hit by A.J Thelen and loses puck.
14:43 of 2nd period - A.J Thelen is hit by Evgeny Dadonov.
15:21 of 2nd period - Off-side.
15:22 of 2nd period - Evgeny Dadonov wins face-off versus Jared Boll in neutral zone.
15:59 of 2nd period - Snap shot by Lauri Tukonen.
15:59 of 2nd period - Stopped by James Reimer without a rebound.
16:00 of 2nd period - Zenon Konopka wins face-off versus Kyle Brodziak in Saguenéens zone.
16:29 of 2nd period - Snap shot by Joffrey Lupul.
16:29 of 2nd period - Deflect By Brian Flynn.
16:29 of 2nd period - Stopped by Jason Missiaen with a rebound.
16:31 of 2nd period - Snap shot by Justin Schultz.
16:31 of 2nd period - Shot Blocked by A.J Thelen.
16:33 of 2nd period - Snap shot by Mike Van Ryn.
16:33 of 2nd period - Deflect By Brett Skinner.
16:33 of 2nd period - Stopped by Jason Missiaen without a rebound.
16:34 of 2nd period - Martin St. Pierre wins face-off versus Tyler Kennedy in Patriotes zone.
16:34 of 2nd period - Martin St. Pierre is hit by Tyler Kennedy.
17:05 of 2nd period - Slapshot by Henrik Tallinder.
17:05 of 2nd period - Deflect By Ryan White.
17:05 of 2nd period - Stopped by Jason Missiaen with a rebound.
17:07 of 2nd period - Snap shot by Brandon Yip.
17:07 of 2nd period - Stopped by Jason Missiaen with a rebound.
17:09 of 2nd period - Slapshot by Kyle Brodziak.
17:09 of 2nd period - Shot Misses the Net.
17:52 of 2nd period - A.J Thelen is hit by Brandon Yip and loses puck.
18:19 of 2nd period - Wrist shot by Ben Guite.
18:19 of 2nd period - Shot Misses the Net.
18:29 of 2nd period - Fedor Fedorov is hit by Andreas Johansson and loses puck.
19:10 of 2nd period - Trevor Daley is hit by Brett Skinner and loses puck.
19:28 of 2nd period - Trevor Daley is hit by Ben Guite and loses puck.
19:44 of 2nd period - Minor Penalty to Trevor Daley for Hooking.
19:45 of 2nd period - Wayne Primeau wins face-off versus Cory Emmerton in Saguenéens zone.
19:53 of 2nd period - Slapshot by Ryan Wilson.
19:53 of 2nd period - Deflect By Cory Emmerton.
19:53 of 2nd period - Shot Misses the Net.
19:53 of 2nd period - Puck is out of play.
19:54 of 2nd period - Cory Emmerton wins face-off versus Wayne Primeau in Saguenéens zone.
Goals for this period are 3 for Saguenéens vs 2 for Patriotes.
Shots for this period are 12 for Saguenéens vs 15 for Patriotes.
3rd period
0:01 of 3rd period - Wayne Primeau wins face-off versus Zenon Konopka in neutral zone.
0:08 of 3rd period - Snap shot by Wayne Primeau.
0:08 of 3rd period - Stopped by Jason Missiaen with a rebound.
0:26 of 3rd period - Wrist shot by Andreas Nodl.
0:26 of 3rd period - Deflect By T.J Galiardi.
0:26 of 3rd period - Stopped by James Reimer without a rebound.
0:27 of 3rd period - Andreas Johansson wins face-off versus Cory Emmerton in Saguenéens zone.
0:42 of 3rd period - Snap shot by Andreas Nodl.
0:42 of 3rd period - Shot Misses the Net.
1:12 of 3rd period - Wrist shot by Andreas Nodl.
1:12 of 3rd period - Shot Misses the Net.
1:44 of 3rd period - Penalty to Trevor Daley is over, Trevor Daley is back on ice.
1:45 of 3rd period - Wrist shot by Zenon Konopka.
1:45 of 3rd period - Shot Misses the Net.
2:29 of 3rd period - Jared Boll is hit by Kyle Brodziak and loses puck.
3:03 of 3rd period - Off-side.
3:04 of 3rd period - Wayne Primeau wins face-off versus Martin St. Pierre in neutral zone.
4:00 of 3rd period - Backhand shot by Cory Emmerton.
4:00 of 3rd period - Shot Misses the Net.
4:12 of 3rd period - Snap shot by Ryan White.
4:12 of 3rd period - Deflect By Wayne Simmonds.
4:12 of 3rd period - Shot Blocked by Trevor Daley.
4:12 of 3rd period - Puck is out of play.
4:13 of 3rd period - Ryan White wins face-off versus Tyler Kennedy in Saguenéens zone.
5:10 of 3rd period - Slapshot by Cory Emmerton.
5:10 of 3rd period - Shot Blocked by Kevin Marshall.
5:12 of 3rd period - Slapshot by Joe Charlebois.
5:12 of 3rd period - Stopped by James Reimer with a rebound.
5:51 of 3rd period - Snap shot by Wayne Simmonds.
5:51 of 3rd period - Goal by Wayne Simmonds - Saguenéens : 6 - Patriotes : 4.
5:51 of 3rd period - Joey MacDonald enters game.
5:52 of 3rd period - Kyle Brodziak wins face-off versus Fedor Fedorov in neutral zone.
5:56 of 3rd period - Minor Penalty to Zenon Konopka for Tripping.
5:57 of 3rd period - Tyler Kennedy wins face-off versus Ben Guite in Patriotes zone.
6:22 of 3rd period - Mike Van Ryn is hit by Brett Skinner and loses puck.
7:56 of 3rd period - Penalty to Zenon Konopka is over, Zenon Konopka is back on ice.
9:05 of 3rd period - Slapshot by T.J Galiardi.
9:05 of 3rd period - Shot Misses the Net.
9:11 of 3rd period - Minor Penalty to Kyle Brodziak for Interference.
9:12 of 3rd period - Andreas Johansson wins face-off versus Zenon Konopka in Saguenéens zone.
9:41 of 3rd period - Wrist shot by T.J Galiardi.
9:41 of 3rd period - Goal by T.J Galiardi - Saguenéens : 6 - Patriotes : 5.
9:42 of 3rd period - Tyler Kennedy wins face-off versus Zenon Konopka in neutral zone.
9:51 of 3rd period - Snap shot by Tyler Kennedy.
9:51 of 3rd period - Stopped by Joey MacDonald with a rebound.
9:57 of 3rd period - Snap shot by Tyler Kennedy.
9:57 of 3rd period - Shot Blocked by Ben Guite.
10:34 of 3rd period - Slapshot by Andreas Nodl.
10:34 of 3rd period - Stopped by James Reimer with a rebound.
10:36 of 3rd period - Wrist shot by Andreas Nodl.
10:36 of 3rd period - Stopped by James Reimer with a rebound.
10:38 of 3rd period - Wrist shot by Cory Emmerton.
10:38 of 3rd period - Shot Blocked by Andreas Johansson.
11:35 of 3rd period - Backhand shot by Kyle Brodziak.
11:35 of 3rd period - Shot Blocked by Lauri Tukonen.
11:39 of 3rd period - Wrist shot by Brandon Yip.
11:39 of 3rd period - Deflect By Lauri Tukonen.
11:39 of 3rd period - Shot Misses the Net.
11:39 of 3rd period - Puck is out of play.
11:40 of 3rd period - Tyler Kennedy wins face-off versus Zenon Konopka in Patriotes zone.
11:59 of 3rd period - Mike Van Ryn is hit by Zenon Konopka and loses puck.
12:14 of 3rd period - Wrist shot by Andreas Nodl.
12:14 of 3rd period - Goal by Andreas Nodl - Saguenéens : 6 - Patriotes : 6.
12:15 of 3rd period - Zenon Konopka wins face-off versus Tyler Kennedy in neutral zone.
12:48 of 3rd period - Snap shot by Cory Emmerton.
12:48 of 3rd period - Stopped by James Reimer with a rebound.
12:50 of 3rd period - Slapshot by Brett Skinner.
12:50 of 3rd period - Shot Misses the Net.
13:07 of 3rd period - Icing by A.J Thelen.
13:08 of 3rd period - Evgeny Dadonov wins face-off versus Martin St. Pierre in Patriotes zone.
13:43 of 3rd period - A.J Thelen is hit by Kyle Brodziak and loses puck.
14:10 of 3rd period - Minor Penalty to Andreas Nodl for Hooking.
14:11 of 3rd period - Wayne Simmonds wins face-off versus Ben Guite in Patriotes zone.
14:18 of 3rd period - Slapshot by Tyler Kennedy.
14:18 of 3rd period - Stopped by Joey MacDonald without a rebound.
14:19 of 3rd period - Ben Guite wins face-off versus Tyler Kennedy in Patriotes zone.
15:54 of 3rd period - Snap shot by Andreas Johansson.
15:54 of 3rd period - Goal by Andreas Johansson - Saguenéens : 7 - Patriotes : 6.
15:55 of 3rd period - Brian Flynn wins face-off versus Martin St. Pierre in neutral zone.
16:00 of 3rd period - Wrist shot by Joffrey Lupul.
16:00 of 3rd period - Shot Blocked by Ryan Wilson.
16:02 of 3rd period - Slapshot by Trevor Daley.
16:02 of 3rd period - Stopped by Joey MacDonald without a rebound.
16:03 of 3rd period - Lauri Tukonen wins face-off versus Brian Flynn in Patriotes zone.
16:15 of 3rd period - Slapshot by Trevor Daley.
16:15 of 3rd period - Shot Misses the Net.
16:17 of 3rd period - Slapshot by Trevor Daley.
16:17 of 3rd period - Stopped by Joey MacDonald with a rebound.
16:19 of 3rd period - Slapshot by Brian Flynn.
16:19 of 3rd period - Goal by Brian Flynn - Saguenéens : 8 - Patriotes : 6.
16:20 of 3rd period - Brian Flynn wins face-off versus Martin St. Pierre in neutral zone.
16:28 of 3rd period - Minor Penalty to Martin St. Pierre for Tripping.
16:29 of 3rd period - Ben Guite wins face-off versus Tyler Kennedy in Patriotes zone.
17:01 of 3rd period - Snap shot by Brandon Yip.
17:01 of 3rd period - Stopped by Joey MacDonald with a rebound.
17:03 of 3rd period - Snap shot by Justin Schultz.
17:03 of 3rd period - Deflect By Andreas Nodl.
17:03 of 3rd period - Stopped by Joey MacDonald without a rebound.
17:04 of 3rd period - Tyler Kennedy wins face-off versus Andreas Nodl in Patriotes zone.
17:49 of 3rd period - Davis Drewiske is hit by Evgeny Dadonov and loses puck.
18:28 of 3rd period - Penalty to Martin St. Pierre is over, Martin St. Pierre is back on ice.
18:53 of 3rd period - Slapshot by Brett Skinner.
18:53 of 3rd period - Deflect By Martin St. Pierre.
18:53 of 3rd period - Shot Blocked by Kevin Marshall.
18:53 of 3rd period - Puck is out of play.
18:54 of 3rd period - Kyle Brodziak wins face-off versus Cory Emmerton in Saguenéens zone.
19:22 of 3rd period - Wrist shot by Joffrey Lupul.
19:22 of 3rd period - Shot Misses the Net.
Goals for this period are 3 for Saguenéens vs 2 for Patriotes.
Shots for this period are 10 for Saguenéens vs 7 for Patriotes.
Output by the SimonT Hockey Simulator (STHS) for François Prévost -- Original Page W3C XHTML 1.0 Valid